 Dungeon Crawl Stone Soup version 0.24-a0-249-g2af7e83 (webtiles) character file.

Game seed: 18300951018698122112

13424 emperorscorpion the Thaumaturge (level 11, -7/47 HPs)
             Began as a Deep Elf Conjurer on Apr 13, 2019.
             Was an Elder of Sif Muna.
             Shot with an arrow by a centaur (12 damage)
             ... on level 12 of the Dungeon.
             The game lasted 00:26:03 (15227 turns).

emperorscorpion the Thaumaturge (DECj)             Turns: 15227, Time: 00:26:03

Health: -7/47      AC:  7    Str:  5    XL:     11   Next: 75%
Magic:  2/31       EV: 14    Int: 24    God:    Sif Muna [****..]
Gold:   384        SH:  0    Dex: 17    Spells: 28/38 levels left

rFire    + . .     SeeInvis .   b - +1 shortbow (velocity)
rCold    . . .     Gourm    .   (shield currently unavailable)
rNeg     . . .     Faith    .   e - +0 robe
rPois    .         Spirit   .   o - +2 hat
rElec    .         Reflect  .   (no cloak)
rCorr    .         Harm     +   w - +1 pair of gloves
MR       +....                  (no boots)
Stlth    +++.......             B - amulet of harm
HPRegen  0.15/turn              s - ring of protection from fire
MPRegen  0.22/turn              I - +1 ring of protection

@: no status effects
A: hooves 1, thin skeletal structure 1, frail 2
a: Divine Energy, Channel Magic, Forget Spell, Renounce Religion


You were on level 12 of the Dungeon.
You worshipped Sif Muna.
Sif Muna was greatly pleased with you.
You were not hungry.

You visited 2 branches of the dungeon, and saw 13 of its levels.

You collected 724 gold pieces.
You spent 340 gold pieces at shops.

Inventory:

Hand Weapons
 a - a +0 spear
 b - a +1 shortbow of velocity (weapon)
 d - a +1 rapier of holy wrath
 g - a +0 dagger
 u - a +1 flail of draining
 Q - a +0 blowgun
Missiles
 C - 6 tomahawks
 D - 28 poisoned needles
 E - 52 arrows (quivered)
 F - 4 throwing nets
 J - 7 curare-tipped needles
 L - 6 javelins
Armour
 e - a +0 robe (worn)
 o - a +2 hat (worn)
 w - a +1 pair of gloves (worn)
Jewellery
 s - a ring of protection from fire (left hand)
 x - a +2 ring of strength
 B - an amulet of harm (around neck)
 I - a +1 ring of protection (right hand)
 T - a +3 ring of evasion
Wands
 q - a wand of digging (7)
 t - a wand of iceblast (13)
 y - a wand of polymorph (11)
 A - a wand of flame (18)
 K - a wand of paralysis (17)
 P - a wand of enslavement (6)
 R - a wand of disintegration (13)
Scrolls
 h - 2 scrolls of enchant armour
 i - 2 scrolls of magic mapping
 l - 10 scrolls of remove curse
 m - 2 scrolls of identify
 n - 3 scrolls of immolation
 p - a scroll of enchant weapon
 r - 7 scrolls of teleportation
 v - 3 scrolls of amnesia
 G - a scroll of blinking
Potions
 f - 3 potions of agility
 j - 2 potions of flight
 k - a potion of mutation
 z - a potion of heal wounds
 H - a potion of resistance {unknown}
 N - 2 potions of haste
 O - a potion of might {unknown}
Miscellaneous
 M - a lightning rod (4/4)
Comestibles
 c - 28 rations
 S - a chunk of flesh


   Skills:
 + Level 2.8 Fighting
 + Level 0.8 Polearms
 + Level 9.4 Bows
 + Level 4.3 Dodging
 + Level 5.0 Stealth
 + Level 0.2 Unarmed Combat
 + Level 14.1 Spellcasting
 + Level 12.6 Conjurations
 + Level 1.3 Translocations
 + Level 0.2 Poison Magic
 + Level 1.6 Evocations


You had 28 spell levels left.
You knew the following spells:

 Your Spells              Type           Power        Failure   Level  Hunger
a - Magic Dart            Conj           ####         1%          1    None
b - Iskenderun's Mystic   Conj           ######..     1%          4    None
c - Mephitic Cloud        Conj/Pois/Air  #####...     1%          3    None
B - Blink                 Tloc           N/A          3%          2    None

Your spell library contained the following spells:

 Spells                   Type           Power        Failure   Level  Hunger
 Shock                    Conj/Air       ####         1%          1    None
 Searing Ray              Conj           ######       1%          2    None
 Conjure Flame            Conj/Fire      #####...     1%          3    None
 Dazzling Spray           Conj/Hex       #####.       1%          3    None
 Force Lance              Conj/Tloc      ######..     1%          4    None
 Fulminant Prism          Conj/Hex       #####.....   2%          4    None
 Confusing Touch          Hex            ###...       3%          1    None
 Call Imp                 Summ           ###.....     5%          2    None
 Slow                     Hex            ###.....     5%          2    None
 Song of Slaying          Chrm           ###.....     5%          2    None
 Gell's Gravitas          Tloc           ###.......   6%          3    None
 Iskenderun's Battlesphe  Conj/Chrm      #####...     7%          5    ###....
 Confuse                  Hex            ###.....     11%         3    None
 Spectral Weapon          Hex/Chrm       ###.....     11%         3    None
 Bolt of Magma            Conj/Fire/Erth #####.....   17%         5    ###....
 Petrify                  Tmut/Erth      ###.....     34%         4    None
 Metabolic Englaciation   Hex/Ice        ###.......   67%         5    ###....
 Yara's Violent Unravell  Hex/Tmut       ###.......   67%         5    ###....


Dungeon Overview and Level Annotations

Branches:
Dungeon (12/15)            Temple (1/1) D:5            Lair (0/6) D:8
    Orc (0/2) D:10

Altars:
Ashenzari
Cheibriados
Dithmenos
Elyvilon
Fedhas
Gozag
Hepliaklqana
Kikubaaqudgha
Makhleb
Nemelex Xobeh
Okawaru
Qazlal
Ru
Sif Muna
Trog
Uskayaw
Vehumet
Wu Jian
Xom
Yredelemnul
Zin
The Shining One

Shops:
D:9 :

Annotations:
D:3 3 runed translucent doors, Sensible's ghost, amateur DsWz


Innate Abilities, Weirdness & Mutations

You have large cloven feet.
You have a somewhat thin skeletal structure. (Dex +2, Stealth)
You are very frail. (-20% HP)


Message History

Aiming: Iskenderun's Mystic Blast (safe; 1% risk of failure)
Press: ? - help, Shift-Dir - straight line, f - centaur
Aim: a centaur, wielding a +0 shortbow The orb of energy misses the centaur.
An ogre comes into view. It is wielding a +0 giant club.
The centaur shoots an arrow.
The arrow hits you!
* * * LOW HITPOINT WARNING * * *
You hear a screech!
Casting: Iskenderun's Mystic Blast (safe; 1% risk of failure)
Confirm with . or Enter, or press ? or * to list all spells.
You don't have enough magic to cast that spell.
Evoke which item? (* to show all) (? for menu, Esc to quit)
Aiming: Iceblast
Press: ? - help, Shift-Dir - straight line, f/p - centaur
Aim: a centaur, wielding a +0 shortbow The mass of ice explodes!
The iceblast engulfs the centaur!
The centaur is severely wounded.
The ogre shouts!
You hear a loud, deep croak!
You hear a shout!
The centaur shoots an arrow.
The arrow hits you!
You die...

...........# #...#
...........# #...#
...........####..O# ..
..................# ...
............(.....###c...
............#..........#
............#(#........#
.......................#
...#...###..###.@#.#...#
...#...#.#....#%)#.#...# .#
...#...#.#..###.)###...# ..#
...#............)......#...#
...#...###..###..#.#...#...#
...#...#.#..#....#.#.......#
...#...#.#..###..###.......#
...#............)..).......#
.......###..#.#..###..###..


You could see an ogre and a centaur.

Vanquished Creatures
  Erolcha (D:10)
  2 two-headed ogres
  Urug (D:10)
  2 unseen horrors
  3 ugly things
  A centaur zombie (D:11)
  3 trolls
  A hornet (D:11)
  A hippogriff (D:9)
  Prince Ribbit (D:8)
  Grinder (D:4)
  A meliai zombie (D:12)
  2 wyverns
  3 hungry ghosts
  A steam dragon (D:8)
  A swamp drake (D:10)
  3 ice beasts (D:6)
  8 orc warriors
  3 eyes of draining (D:11)
  A sky beast (D:8)
  A phantom (D:11)
  6 centaurs
  5 ogres
  2 wolves (D:8)
  2 big kobolds (D:10)
  3 bullfrogs
  5 killer bees
  5 scorpions
  4 wights (D:10)
  2 howler monkeys
  3 electric eels (D:8)
  6 crimson imps
  A bullfrog zombie (D:10)
  A quasit (D:12)
  3 jellies
  3 centaur skeletons
  10 hounds
  11 orc priests
  2 bullfrog skeletons
  7 worker ants
  14 orc wizards
  2 killer bee zombies (D:6)
  A hound skeleton (D:6)
  3 worker ant zombies
  2 howler monkey zombies
  11 adders
  A shadow imp (D:10)
  An adder skeleton (D:5)
  A worm (D:2)
  A dart slug (D:1)
  5 leopard geckos
  43 orcs
  3 giant cockroaches
  6 goblins
  7 hobgoblins
  5 jackals
  3 quokkas
  2 ball pythons
  9 bats
  4 frilled lizards
  A jackal skeleton (D:6)
  A jackal zombie (D:1)
  12 kobolds
  A leopard gecko skeleton (D:4)
  A leopard gecko zombie (D:1)
  A quokka zombie (D:5)
  5 rats
268 creatures vanquished.

Notes
Turn   | Place    | Note
-------+----------+-------------------------------------------
     0 | D:1      | emperorscorpion the Deep Elf Conjurer began the quest for
                  | the Orb.
     0 | D:1      | Reached XP level 1. HP: 10/10 MP: 6/6
    11 | D:1      | You fall through a shaft!
   151 | D:1      | Reached XP level 2. HP: 15/15 MP: 6/8
   516 | D:1      | Reached skill level 5 in Conjurations
  1064 | D:2      | Reached XP level 3. HP: 19/19 MP: 7/9
  1322 | D:2      | Found a faded altar of an unknown god.
  1434 | D:2      | You fall through a shaft!
  1491 | D:3      | Noticed Sensible's ghost (amateur DsWz)
  1522 | D:3      | Reached XP level 4. HP: 24/24 MP: 5/11
  1523 | D:3      | Reached skill level 4 in Spellcasting
  2010 | D:2      | Reached XP level 5. HP: 28/28 MP: 10/13
  2054 | D:2      | Learned a level 4 spell: Iskenderun's Mystic Blast
  2287 | D:3      | Found a runed translucent gate.
  2287 | D:3      | Found a runed translucent gate.
  2287 | D:3      | Found a runed translucent gate.
  2297 | D:3      | Noticed an orc warrior
  2340 | D:3      | Killed an orc warrior
  2340 | D:3      | Reached skill level 5 in Spellcasting
  2340 | D:3      | Reached XP level 6. HP: 26/32 MP: 1/16
  2349 | D:3      | Gained mutation: You are frail. (-10% HP) [potion of
                  | mutation]
  2349 | D:3      | Gained mutation: You have a somewhat thin skeletal
                  | structure. (Dex +2, Stealth) [potion of mutation]
  2349 | D:3      | Gained mutation: You are very frail. (-20% HP) [potion of
                  | mutation]
  2349 | D:3      | Gained mutation: You have large cloven feet. [potion of
                  | mutation]
  2649 | D:3      | Reached skill level 6 in Spellcasting
  3091 | D:4      | Reached XP level 7. HP: 28/28 MP: 1/19
  3521 | D:4      | Reached skill level 7 in Spellcasting
  3669 | D:4      | Noticed Grinder
  3672 | D:4      | Paralysed by Grinder for 6 turns
  3679 | D:4      | Killed Grinder
  4700 | D:5      | Entered Level 5 of the Dungeon
  4700 | D:5      | Found a basalt altar of Yredelemnul.
  4723 | D:5      | Reached skill level 8 in Spellcasting
  4778 | D:5      | Found a staircase to the Ecumenical Temple.
  4796 | Temple   | Entered the Ecumenical Temple
  4912 | Temple   | Became a worshipper of Sif Muna the Loreminder
  5052 | D:5      | Reached XP level 8. HP: 32/32 MP: 13/22
  5735 | D:6      | Found a radiant altar of Vehumet.
  5775 | D:6      | Found an ornate altar of the Wu Jian Council.
  5957 | D:6      | Reached * piety under Sif Muna
  5957 | D:6      | Reached skill level 9 in Spellcasting
  7032 | D:6      | Reached skill level 10 in Spellcasting
  7530 | D:7      | Reached XP level 9. HP: 12/36 MP: 1/25
  8208 | D:8      | Reached skill level 10 in Conjurations
  8218 | D:8      | Reached skill level 11 in Spellcasting
  8629 | D:8      | Noticed a troll
  8631 | D:8      | Reached ** piety under Sif Muna
  8638 | D:8      | Killed a troll
  8638 | D:8      | Reached skill level 1 in Bows
  9082 | D:8      | Noticed Prince Ribbit
  9088 | D:8      | Killed Prince Ribbit
  9226 | D:8      | Found a staircase to the Lair.
  9997 | D:9      | Reached skill level 12 in Spellcasting
 10102 | D:9      | Reached XP level 10. HP: 40/40 MP: 15/28
 10457 | D:9      | Reached skill level 1 in Fighting
 10599 | D:9      | Found Cotsamor's Book Shoppe.
 10607 | D:9      | Bought a book of Minor Magic for 340 gold pieces
 10610 | D:9      | Learned a level 2 spell: Blink
 10614 | D:9      | Learned a level 3 spell: Mephitic Cloud
 10705 | D:10     | Entered Level 10 of the Dungeon
 10706 | D:10     | Reached skill level 5 in Bows
 10953 | D:10     | Noticed a green ugly thing
 10998 | D:10     | Noticed Erolcha
 11336 | D:10     | Noticed Urug
 11341 | D:10     | Killed Urug
 11531 | D:10     | Killed a green ugly thing
 11531 | D:10     | Reached *** piety under Sif Muna
 11531 | D:10     | Reached skill level 5 in Stealth
 11842 | D:10     | Found a staircase to the Orcish Mines.
 12421 | D:10     | Killed Erolcha
 12619 | D:10     | Killed an unseen horror
 12619 | D:10     | Reached skill level 13 in Spellcasting
 12619 | D:10     | Reached XP level 11. HP: 21/45 MP: 14/30
 13448 | D:11     | Noticed a purple ugly thing
 13454 | D:11     | Killed a purple ugly thing
 13643 | D:11     | Found a glowing golden altar of the Shining One.
 13721 | D:11     | Noticed a green ugly thing
 13724 | D:11     | Noticed a two-headed ogre
 13725 | D:11     | Killed a green ugly thing
 13734 | D:11     | Killed a two-headed ogre
 13940 | D:11     | Reached **** piety under Sif Muna
 14144 | D:11     | Found a burning altar of Makhleb.
 14146 | D:11     | Reached skill level 1 in Translocations
 14357 | D:11     | Reached skill level 1 in Evocations
 14921 | D:12     | Identified the Compendium of Hurtful Enhancements
 14962 | D:12     | Noticed a two-headed ogre
 14964 | D:12     | Killed a two-headed ogre
 15020 | D:12     | Reached skill level 14 in Spellcasting
 15204 | D:12     | Killed an unseen horror
 15227 | D:12     | Shot with an arrow by a centaur

Levels and vault maps discovered:
D:1:      saegor_arrival_fortress, layout_basic, grunt_decor_arrowhead,
          minmay_indecisive_spiral
D:2:      layout_basic, chequers_ecumenical_altar_simple, first_ration
D:3:      layout_rooms, gammafunk_ghost_icy
D:4:      layout_cave_pods, uniq_grinder
D:5:      layout_rooms, minmay_temple_entry_purple_smoke, basic_altar
D:6:      layout_layer_cave, vehumet_altar_wand_db, basic_altar,
          minmay_misc_feat_encased, grunt_ministairs_11
D:7:      layout_rooms
D:8:      layout_loops_ring, erik_lair_island, uniq_prince_ribbit1
D:9:      layout_roguey, serial_shops, shop
D:10:     layout_long_grid, erik_orc_1, grunt_ogre_cave, grunt_decor_one_mirror,
          kennysheep_boxes, uniq_urug, uniq_erolcha
D:11:     layout_roguey, basic_altar, tso_altar
D:12:     layout_long_grid, basic_altar, minmay_misc_feat_nine_boxes,
          minmay_orc_keep
Temple:   kilobyte_greek_temple

Skill      XL: |  1  2  3  4  5  6  7  8  9 10 11 |
---------------+----------------------------------+-----
Conjurations   | 5 6 7 8 9 11 12 | 12.6
Spellcasting   | 4 5 6 8 10 12 13 14 | 14.1
Dodging        | 3 4 |  4.3
Stealth        | 3 4 5 |  5.0
Bows           | 4 8 9 |  9.4
Fighting       | 2 |  2.8
Translocations | 1 |  1.3
Evocations     | 1 |  1.6
Polearms       | |  0.8
Unarmed Combat | |  0.2
Poison Magic   | |  0.2

Action                   |  1- 3 |  4- 6 |  7- 9 | 10-12 || total
-------------------------+-------+-------+-------+-------++-------
Melee: Unarmed           |     3 |       |       |       ||     3
       Spear             |       |     8 |    21 |       ||    29
       Kick              |       |       |     4 |       ||     4
 Fire: Shortbow          |       |       |    45 |    97 ||   142
 Cast: Magic Dart        |    89 |    34 |    49 |     5 ||   177
       Iskenderun's Myst |       |    16 |   124 |   138 ||   278
       Blink             |       |       |       |     5 ||     5
       Mephitic Cloud    |       |       |       |     1 ||     1
Evoke: Wand              |       |       |       |     6 ||     6
  Use: Potion            |       |     3 |       |       ||     3
       Scroll            |       |       |    12 |     2 ||    14
 Stab: Sleeping          |       |       |     1 |       ||     1
  Eat: Chunk             |     2 |     6 |    16 |    12 ||    36
       Ration            |       |       |     3 |     1 ||     4
Armor: Robe              |       |     1 |     9 |    17 ||    27
Dodge: Dodged            |     8 |     3 |    25 |    33 ||    69

Table legend:
 A = Non-vault XP
 B = Vault XP
 C = Vault XP percentage of total XP
 D = Non-vault monster count
 E = Vault monster count
 F = Vault count percentage of total count
                 A         B        C        D         E       F
            +---------+---------+-------+---------+---------+-------
      Total |   15213 |    3965 |  20.7 |     230 |      38 |  14.2
            +---------+---------+-------+---------+---------+-------
        D:1 |      27 |       6 |  18.2 |      17 |       6 |  26.1
        D:2 |     134 |       0 |   0.0 |      25 |       0 |   0.0
        D:3 |     334 |       0 |   0.0 |      15 |       0 |   0.0
        D:4 |     524 |     262 |  33.3 |      22 |       1 |   4.3
        D:5 |     266 |       0 |   0.0 |      11 |       0 |   0.0
        D:6 |     858 |     130 |  13.2 |      17 |       3 |  15.0
        D:7 |     393 |       0 |   0.0 |       7 |       0 |   0.0
        D:8 |    1358 |     980 |  41.9 |      25 |       8 |  24.2
        D:9 |    1181 |       0 |   0.0 |      14 |       0 |   0.0
       D:10 |    2747 |    2587 |  48.5 |      28 |      20 |  41.7
       D:11 |    4784 |       0 |   0.0 |      33 |       0 |   0.0
       D:12 |    2607 |       0 |   0.0 |      16 |       0 |   0.0
            +---------+---------+-------+---------+---------+-------
